 Dungeon Crawl Stone Soup version 0.31-a0-960-g0fca184906 (webtiles) character file.

Game seed: 179208726954238800

2417 Zonian the Destroyer (level 9, -9/67 HPs)
             Began as a Deep Elf Hedge Wizard on Oct 23, 2023.
             Was an Initiate of Ashenzari.
             Mangled by Maggie
             ... wielding a +0 glaive of protection
              (14 damage)
             ... on level 6 of the Dungeon on Oct 24, 2023.
             The game lasted 00:34:15 (13386 turns).

Zonian the Destroyer (Deep Elf Hedge Wizard)       Turns: 13386, Time: 00:34:15

Health: -9/67      AC:  9    Str:  6    XL:     9   Next: 23%
Magic:  19/19      EV: 19    Int: 28    God:    Ashenzari [......]
Gold:   182        SH:  0    Dex: 13    Spells: 8/17 levels left

rFire   + + .        C - melded +0 falchion (venom)
rCold   + + .        (shield currently unavailable)
rNeg    + + +        b - melded +0 robe
rPois   ∞            A - melded +2 helmet
rElec   +            p - melded +0 cloak
rCorr   +            (gloves currently unavailable)
SInv    .            (boots currently unavailable)
Will    .....        k - melded amulet of reflection Stlth
                     w - melded +6 ring of strength
HPRegen 0.31/turn    x - melded +5 ring of evasion
MPRegen 0.16/turn

%: random rage (3%)
@: berserking (expiring), swift (expiring), wisp-form (expiring), flying, very
quick
A: insubstantial, flying, no casting, tiny, berserk 1, clever 1, high MP 1
a: Renounce Religion


You were on level 6 of the Dungeon.
You worshipped Ashenzari.
Ashenzari was noncommittal.
You were an insubstantial wisp.
You visited 1 branch of the dungeon, and saw 7 of its levels.
You also visited: Ossuary.

You collected 325 gold pieces.
You spent 143 gold pieces at shops.

Inventory:

Hand Weapons
 a - a +0 dagger
 d - a +2 flail of venom
 f - a +0 rapier
 g - a +0 short sword
 n - the +9 sling "Saeczemn" {antimagic, rC+ Int+2}
   (You found it on level 2 of the Dungeon)

   Int+2:     It affects your intelligence (+2).
   rC+:       It protects you from cold.
 o - a +4 scimitar
 C - a +0 falchion of venom (melded)
 D - a +2 sling of draining
Missiles
 e - 2 darts of dispersal
 q - 6 javelins
 s - 7 poisoned darts
Armour
 b - a +0 robe (melded)
 c - a +0 hat
 p - a +0 cloak (melded)
 A - a +2 helmet (melded)
Jewellery
 i - an amulet of guardian spirit
 k - an amulet of reflection (melded)
 u - an amulet of reflection
 w - a +6 ring of strength (melded)
 x - a +5 ring of evasion (melded)
 B - a ring of ice
 F - a ring of poison resistance
Scrolls
 y - 4 scrolls of blinking
Potions
 m - 3 potions of brilliance
 t - 5 potions of curing
 v - a potion of degeneration
 z - a potion of mutation
 E - 3 potions of heal wounds
 G - a potion of attraction


   Skills:
 + Level 1.2 Long Blades
 + Level 2.9 Dodging
 + Level 2.9 Stealth
 - Level 4.5 Spellcasting
 + Level 9.0 Conjurations
 - Level 1.2 Summonings
 + Level 6.4 Translocations
 + Level 4.5 Air Magic
 + Level 5.0 Poison Magic


You had 8 spell levels left.
You knew the following spells:

 Your Spells              Type           Power      Damage    Failure   Level
a - Magic Dart            Conj           100%       1d8       1%          1
b - Blink                 Tloc           84%        N/A       1%          2
c - Mephitic Cloud        Conj/Pois/Air  41%        N/A       1%          3
d - Swiftness             Air            31%        N/A       3%          3

Your spell library contained the following spells:

 Spells                   Type           Power      Damage    Failure   Level
 Apportation              Tloc           84%        N/A       1%          1
 Cigotuvi's Dreadful Rot  Necr/Pois/Air  48%        N/A       3%          2
 Call Imp                 Summ           26%        N/A       6%          2
 Slow                     Hex            24%        N/A       7%          1
 Ensorcelled Hibernation  Hex/Ice        12%        N/A       11%         2
 Jinxbite                 Hex            12%        N/A       11%         2
 Passwall                 Tmut/Erth      5%         N/A       11%         2
 Alistair's Intoxication  Tmut/Pois      13%        N/A       56%         5


Dungeon Overview and Level Annotations

Branches:
Dungeon (7/15)             Temple (0/1) D:7         Ossuary (visited)

Altars:
Ashenzari
Cheibriados
Fedhas
Hepliaklqana
Qazlal
Ru
Yredelemnul

Shops:
D:6 !

Annotations:
D:6 Maggie
D:7 Jeremiah


Innate Abilities, Weirdness & Mutations

You are an insubstantial wisp.
Your tiny insubstantial body is highly resistant to most damage types.
You are flying.
Your equipment is entirely melded.
You are incapable of wielding weapons or throwing items.
You cannot cast spells.
You sometimes lose your temper in combat.
Your mind is acute. (Int +4, Str/Dex -1)
You have an increased reservoir of magic. (+10% MP)


Message History

You touch Maggie.
Maggie is moderately wounded.
You barely miss Maggie.
Maggie is moderately wounded.
You start to feel a little slower.
Maggie closely misses you.
You touch Maggie!
Maggie is heavily wounded.
Maggie barely misses you.
You touch Maggie.
Maggie is severely wounded.
You barely miss Maggie.
Maggie is severely wounded.
Maggie hits you with a +0 glaive of protection!!
You touch Maggie but do no damage.
Maggie is severely wounded.
Unknown command.
You touch Maggie.
Maggie is severely wounded.
Maggie hits you with a +0 glaive of protection!
* * * LOW HITPOINT WARNING * * *
You closely miss Maggie.
Maggie is severely wounded.
Unknown command.
You barely miss Maggie.
Maggie is severely wounded.
Maggie barely misses you.
Unknown command.
You barely miss Maggie.
Maggie is severely wounded.
Maggie hits you with a +0 glaive of protection!
* * * LOW HITPOINT WARNING * * *
Unknown command.
You touch Maggie.
Maggie is severely wounded.
Unknown command.
You closely miss Maggie.
Maggie is severely wounded.
Maggie hits you with a +0 glaive of protection!
You die...

####.........##.#.####.#.#####
#.............(.....#.#####
#.......#.#..#.######...... ####
###....##.#..#.# #..#.## ...#
#............# #...... ##.#
########...### ##.#..# #.######
#...# #.##.# ##......# #...#
#.##.# .######.### #v..#
####..... ..........# #@..#
#.......#
.#######..######...######.#####>#
## #............[.....#####.# #
#.....................##.. #
#.#................##.##.# #
##.#####.#...#.####.#.....# #
#..# #.#...#...##.......#
#.######.#...#.#.####.#####


You could see Maggie.

Vanquished Creatures
  Prince Ribbit (D:6)
  3 yaks
  Eustachio (D:5)
  An ice beast (D:6)
  2 ogres (D:6)
  A phantom (D:6)
  3 scorpions (D:5)
  A bullfrog (D:7)
  4 wights
  2 killer bees
  A howler monkey (D:6)
  A jelly (D:5)
  3 hounds
  7 orc priests
  A sleepcap (D:3)
  A gnoll bouda (D:7)
  Natasha (twice) (D:3)
  2 iguanas
  3 orc wizards
  A mummy (Ossuary)
  3 gnolls (D:3)
  2 adders
  2 shadow imps (D:7)
  A white imp (D:6)
  A worm (D:2)
  A dart slug (D:3)
  27 orcs
  2 bats (D:1)
  4 endoplasms
  2 giant cockroaches
  A gnoll zombie (Ossuary)
  7 goblins
  7 hobgoblins
  4 jackals (D:1)
  A quokka (D:3)
  6 ball pythons
  5 frilled lizards
  3 goblin zombies
  8 kobolds
  A kobold zombie (Ossuary)
  A quokka zombie (Ossuary)
  2 rats (D:1)
  A rat zombie (D:6)
133 creatures vanquished.

Notes
Turn   | Place    | Note
-------+----------+-------------------------------------------
     0 | D:1      | Zonian the Deep Elf Hedge Wizard began the quest for the
                  | Orb.
     0 | D:1      | Reached XP level 1. HP: 10/10 MP: 7/7
   419 | D:1      | Reached XP level 2. HP: 15/15 MP: 5/9
   454 | D:1      | Reached skill level 2 in Conjurations
  1142 | D:1      | Reached XP level 3. HP: 15/19 MP: 0/11
  1410 | D:2      | Reached skill level 3 in Conjurations
  1418 | D:2      | Identified the +9 sling "Saeczemn" {antimagic, rC+ Int+2}
  3051 | D:3      | Reached skill level 4 in Conjurations
  3051 | D:3      | Reached XP level 4. HP: 24/24 MP: 4/12
  3850 | D:3      | Reached skill level 5 in Conjurations
  3850 | D:3      | Reached XP level 5. HP: 21/28 MP: 1/13
  5005 | D:3      | Noticed Natasha
  5010 | D:3      | Killed Natasha
  5453 | D:3      | Noticed Natasha
  5499 | D:3      | Killed Natasha
  5637 | D:4      | Reached skill level 6 in Conjurations
  5811 | D:4      | Learned a level 2 spell: Blink
  5824 | D:4      | Reached XP level 6. HP: 32/32 MP: 6/14
  7725 | D:5      | Entered Level 5 of the Dungeon
  7756 | D:5      | Reached skill level 7 in Conjurations
  7890 | D:5      | Reached XP level 7. HP: 35/36 MP: 4/15
  8195 | D:5      | Noticed Eustachio
  8420 | D:5      | Found a snail-covered altar of Cheibriados.
  8438 | D:5      | Learned a level 3 spell: Mephitic Cloud
  8548 | D:5      | Found a hazy altar of Hepliaklqana.
  8761 | D:5      | Reached skill level 1 in Air Magic
  8761 | D:5      | Reached skill level 1 in Poison Magic
  8953 | D:5      | Killed Eustachio
  9312 | D:6      | Noticed a yak
  9312 | D:6      | Noticed a yak
  9312 | D:6      | Noticed a yak
  9349 | D:5      | Killed a yak
  9350 | D:5      | Reached skill level 8 in Conjurations
  9350 | D:5      | Reached XP level 8. HP: 28/41 MP: 12/16
  9420 | D:6      | Reached skill level 5 in Translocations
  9483 | D:6      | Found a sand-covered staircase.
  9499 | Ossuary  | Entered an ossuary
  9745 | Ossuary  | Gained mutation: You are occasionally teleported next to
                  | monsters. [potion of mutation]
  9745 | Ossuary  | Gained mutation: You are somewhat resistant to further
                  | mutation. [potion of mutation]
  9915 | D:6      | Found Panutzoc's Distillery.
 10181 | D:6      | Noticed Prince Ribbit
 10207 | D:6      | Killed Prince Ribbit
 10551 | D:6      | Learned a level 3 spell: Swiftness
 10646 | D:6      | Reached XP level 9. HP: 26/44 MP: 10/17
 10780 | D:6      | Bought a potion of haste for 110 gold pieces
 10780 | D:6      | Bought a potion of curing for 33 gold pieces
 10996 | D:6      | Noticed Maggie
 12150 | D:6      | You fall into a shaft and drop 1 floor!
 12264 | D:7      | Reached skill level 1 in Long Blades
 12264 | D:7      | Reached skill level 9 in Conjurations
 12319 | D:7      | Noticed a troll
 12534 | D:7      | Found a sacrificial altar of Ru.
 12534 | D:7      | Found a blossoming altar of Fedhas.
 12534 | D:7      | Found a stormy altar of Qazlal.
 12535 | D:7      | Found a broken altar of Ashenzari.
 12541 | D:7      | Found a basalt altar of Yredelemnul.
 12546 | D:7      | Became a worshipper of Ashenzari the Shackled
 12564 | D:7      | Reached skill level 5 in Poison Magic
 13041 | D:7      | Noticed Jeremiah
 13224 | D:6      | Lost mutation: You are occasionally teleported next to
                  | monsters. [potion of mutation]
 13224 | D:6      | Lost mutation: You are somewhat resistant to further
                  | mutation. [potion of mutation]
 13224 | D:6      | Gained mutation: You sometimes lose your temper in combat.
                  | [potion of mutation]
 13224 | D:6      | Gained mutation: Your mind is acute. (Int +4, Str/Dex -1)
                  | [potion of mutation]
 13224 | D:6      | Gained mutation: You have an increased reservoir of magic.
                  | (+10% MP) [potion of mutation]
 13386 | D:6      | Mangled by Maggie

Illustrated notes

Levels and vault maps discovered:
D:1:      moated_graveyard_arrival, layout_rooms, minmay_fountain_box
D:2:      layout_basic, nrook_uturn
D:3:      layout_basic, hangedman_abyss_or_decor_stabs, hangedman_decor_points,
          st_stairs_11, uniq_natasha
D:4:      layout_layer_cave, grunt_ministairs_14, nicolae_the_louvre
D:5:      layout_loops_corners, mainiacjoe_overflow_small_starburst,
          nicolae_overflow_hidden_temple, uniq_eustachio
D:6:      layout_loops_cross, serial_shops, shop, enter_ossuary_4, uniq_maggie,
          uniq_prince_ribbit1
D:7:      hangedman_cross_stitches, layout_loops_cross,
          nicolae_overflow_hallway_of_the_gods, temple_doors_cd, serial_shops,
          nicolae_shop_back_alley_shop, minivault_11,
          chequers_serial_rivers_small_b,
          hangedman_abyss_or_decor_jellyfish_corner, uniq_jeremiah

Skill      XL: |  1  2  3  4  5  6  7  8  9 |
---------------+----------------------------+-----
Conjurations   | 2 4 5 6 7 8 9 |  9.0
Translocations | 3 4 6 |  6.4
Air Magic      | 2 4 |  4.5
Poison Magic   | 2 4 5 |  5.0
Long Blades    | 1 |  1.2
Dodging        | |  2.9
Stealth        | |  2.9
Spellcasting   | |  4.5
Summonings     | |  1.2

Action                     |  1- 3 |  4- 6 |  7- 9 || total
---------------------------+-------+-------+-------++-------
  Melee: Dagger            |    12 |       |     6 ||    18
         Flail             |       |    30 |     7 ||    37
         Short sword       |       |     8 |    43 ||    51
         Falchion          |       |       |    60 ||    60
         Punch             |       |       |     3 ||     3
         Unarmed           |       |       |    24 ||    24
         Scimitar          |       |       |     5 ||     5
   Fire: Sling             |       |       |     4 ||     4
  Throw: Dart              |       |       |     1 ||     1
   Cast: Magic Dart        |    89 |   150 |   202 ||   441
         Blink             |       |       |     3 ||     3
         Mephitic Cloud    |       |       |     6 ||     6
         Swiftness         |       |       |     3 ||     3
  Evoke: Wand              |       |       |    10 ||    10
    Use: Scroll            |       |    14 |     9 ||    23
         Potion            |       |     1 |     6 ||     7
   Stab: Sleeping          |       |     1 |     2 ||     3
         Paralysed         |       |       |    14 ||    14
 Armour: Robe              |    15 |    39 |    82 ||   136
         Skin              |       |       |     9 ||     9
  Dodge: Dodged            |    25 |    52 |   151 ||   228
  Block: Other             |       |       |    43 ||    43

Table legend: (Time is in decaauts)
 A = Elapsed time spent in this place.
 B = Non-inter-level travel time spent in this place.
 C = Inter-level travel time spent in this place.
 D = Time resting spent in this place.
 E = Time spent auto-exploring this place.
 F = Levels seen in this place.
 G = Mean time per level.
                   A        B        C        D        E       F      G
               +--------+--------+--------+--------+--------+-----+--------+
         Total |  13365 |  13133 |    232 |   6549 |   4167 |   8 | 1670.6 |
       Dungeon |  13095 |  12863 |    232 |   6349 |   4167 |   7 | 1870.7 |
       Ossuary |    270 |    270 |      0 |    200 |      0 |   1 |  270.0 |
               +--------+--------+--------+--------+--------+-----+--------+

Top non-repeatable levels by time:
     D:6: 2837 daAuts
     D:3: 2703 daAuts
     D:4: 2112 daAuts
     D:5: 1813 daAuts
     D:1: 1680 daAuts
     D:2: 1238 daAuts
     D:7: 709 daAuts
 Ossuary: 270 daAuts
